 Dungeon Sprint DCSS version 0.27-a0-1137-g3ef0f4ec91 (webtiles) character file.

Game seed: 10448648149584243292

1100000 howech the Slayer (level 14, -2/112 HPs)
             Began as a Gargoyle Monk on May 6, 2021.
             Was an Elder of Makhleb.
             Slain by a meat berserker
             ... wielding a +9 battleaxe
              (67 damage)
             ... in the Dungeon (Sprint VIII: "Arena of Blood").
             The game lasted 00:00:46 (11 turns).

howech the Slayer (Gargoyle Monk)                     Turns: 11, Time: 00:00:46

Health: -2/112     AC: 12    Str: 18    XL:     14   Next: 64%
Magic:  14/14      EV: 20    Int: 12    God:    Makhleb [****..]
Gold:   0          SH:  0    Dex: 13    Spells: 13/13 levels left

rFire    . . .     SeeInvis .   h - +∞ Axe of Woe
rCold    . . .     Faith    .   (shield currently unavailable)
rNeg     + . .     Spirit   .   a - +0 robe
rPois    ∞         Reflect  .   (no helmet)
rElec    +         Harm     .   (no cloak)
rCorr    .         Rampage  .   (no gloves)
Will     +....     NoTele   +   (no boots)
Stlth    +++++.....             (no amulet)
HPRegen  0.28/turn              (no ring)
MPRegen  0.14/turn              (no ring)

@: flying
A: sickness immunity, AC +10, big wings, negative energy resistance 1,
electricity resistance, torment resistance 1, unbreathing 1, petrification
resistance
a: Renounce Religion, Minor Destruction, Lesser Servant of Makhleb, Major
Destruction


You were in the Dungeon.
You worshipped Makhleb.
Makhleb was greatly pleased with you.
You visited 1 branch

Inventory:

Hand Weapons
 h - the +∞ Axe of Woe (weapon)
   (You found it in the Dungeon)
Armour
 a - a +0 robe (worn)
Scrolls
 g - a scroll of blinking
Potions
 b - a potion of curing
 d - a potion of haste
 e - 2 potions of magic
 f - a potion of berserk rage


   Skills:
 + Level 22.7 Fighting
 + Level 8.1 Axes
 + Level 18.1 Dodging
 + Level 11.2 Stealth
 + Level 20.7 Unarmed Combat


You had 13 spell levels left.
You didn't know any spells.
Your spell library was empty.

Dungeon Overview and Level Annotations

Branches:
Dungeon (1/1)

Altars:
Makhleb


Innate Abilities, Weirdness & Mutations

You are immune to sickness and miasma.
Your stone body is resilient. (AC +10)
You are immune to poison.
Your large and strong wings let you fly.
You resist negative energy. (rN+)
You are resistant to electric shocks. (rElec)
You are resistant to unholy torment.
You can survive without breathing.
You are immune to petrification.


Message History

The meat berserker hits you with a +9 battleaxe!!!
Ouch! That really hurt!
* * * LOW HITPOINT WARNING * * *
The meat berserker rages.
A meat berserker comes into view. It is wielding a +9 battleaxe.
You hear a shout! x6; The meat berserker shouts!
Your Fighting skill gained 2 levels and is now at level 22!
Your Axes skill gained 3 levels and is now at level 8!
Your Dodging skill gained 3 levels and is now at level 18!
Your Stealth skill gained 2 levels and is now at level 11!
Your Unarmed Combat skill gained 2 levels and is now at level 20!
You have reached level 14!
Your wings grow larger and stronger.
Unknown command.
You feel much better.
The bag of meat shouts!
You hear a shout!
A bag of meat comes into view. It is wielding a +9 war axe.
The meat berserker hits you with a +9 battleaxe!!
* * * LOW HITPOINT WARNING * * *
You hear a shout! x2
A large bag of meat comes into view. It is wielding a +9 giant spiked club.
You hear a shout! x2
The large bag of meat shouts in stereo!
The bag of meat shouts!
You slice the meat berserker!!
You slaughter the meat berserker joyfully.
You kill the meat berserker!
Makhleb accepts your kill.
You slash the meat berserker!
You slaughter the meat berserker joyfully.
You kill the meat berserker!
Makhleb accepts your kill.
You feel better.
You hit the meat berserker.
You fatally mangle the meat berserker.
You kill the meat berserker!
Makhleb accepts your kill.
You can now hurl Makhleb's greater destruction.
You hear a shout! x7
The meat berserker hits you with a +9 battleaxe!!!
Ouch! That really hurt!
You die...

#... #... ..#
....###... ..###.
..........###......
..#........_......
#...o...#.....#
......o.#_.<._#
#.......#.....#.
..#.....O.._......
......)@)O###......
...o.###o..Oo..###.
.... #.......# ..
#o.o....# .........
......... ...O.....
.......


You could see a large bag of meat (inner flame), 3 meat berserkers and 7 bags of
meat.

Vanquished Creatures
  3 ogres (D)
  4 orcs (D)
7 creatures vanquished.

Notes
Turn   | Place    | Note
-------+----------+-------------------------------------------
     0 | D        | Found the +∞ Axe of Woe
     0 | D        | howech the Gargoyle Monk began the quest for the Orb.
     0 | D        | Reached XP level 1. HP: 14/14 MP: 1/1
     3 | D        | Became a worshipper of Makhleb the Destroyer
     3 | D        | Reached * piety under Makhleb
     3 | D        | Reached ** piety under Makhleb
     4 | D        | Noticed a bag of meat
     4 | D        | Noticed a bag of meat
     5 | D        | Noticed a bag of meat
     6 | D        | Noticed a bag of meat
     7 | D        | Killed a bag of meat
     7 | D        | Noticed a meat berserker
     7 | D        | Noticed a bag of meat
     8 | D        | Reached skill level 17 in Fighting
     8 | D        | Reached XP level 2. HP: 37/37 MP: 2/2
     8 | D        | Reached XP level 3. HP: 42/42 MP: 3/3
     8 | D        | Reached XP level 4. HP: 48/48 MP: 4/4
     8 | D        | Reached XP level 5. HP: 53/53 MP: 5/5
     8 | D        | Reached XP level 6. HP: 59/59 MP: 6/6
     8 | D        | Reached XP level 7. HP: 64/64 MP: 7/7
     8 | D        | Reached XP level 8. HP: 70/70 MP: 8/8
     8 | D        | Reached XP level 9. HP: 75/75 MP: 9/9
     8 | D        | Reached XP level 10. HP: 80/80 MP: 10/10
     8 | D        | Reached XP level 11. HP: 85/85 MP: 11/11
     8 | D        | Reached XP level 12. HP: 92/92 MP: 12/12
     8 | D        | Killed a bag of meat
     8 | D        | Noticed a meat berserker
     8 | D        | Noticed a bag of meat
     8 | D        | Noticed a bag of meat
     9 | D        | Reached skill level 20 in Fighting
     9 | D        | Reached skill level 5 in Axes
     9 | D        | Reached skill level 15 in Dodging
     9 | D        | Reached XP level 13. HP: 80/101 MP: 13/13
     9 | D        | Noticed a bag of meat
     9 | D        | Noticed a meat berserker
     9 | D        | Killed a bag of meat
     9 | D        | Killed a bag of meat
     9 | D        | Reached *** piety under Makhleb
     9 | D        | Noticed a meat berserker
     9 | D        | Noticed a bag of meat
     9 | D        | Noticed a meat berserker
     9 | D        | Noticed a meat berserker
    10 | D        | Reached skill level 22 in Fighting
    10 | D        | Gained mutation: Your large and strong wings let you fly.
                  | [Gargoyle growth]
    10 | D        | Reached XP level 14. HP: 22/112 MP: 14/14
    10 | D        | Noticed a bag of meat
    10 | D        | Noticed a bag of meat
    10 | D        | Noticed a bag of meat
    10 | D        | Noticed a large bag of meat
    11 | D        | Killed a meat berserker
    11 | D        | Killed a meat berserker
    11 | D        | Killed a meat berserker
    11 | D        | Reached **** piety under Makhleb
    11 | D        | Slain by a meat berserker

Illustrated notes

Levels and vault maps discovered:
D:        meatsprint

Skill      XL: |  1  2  3  4  5  6  7  8  9 10 11 12 13 |
---------------+----------------------------------------+-----
Fighting       | 17 20 22 | 22.7
Axes           | 3 5 8 |  8.1
Dodging        | 13 15 18 | 18.1
Stealth        | 7 9 11 | 11.2
Unarmed Combat | 16 18 20 | 20.7

Action                   |  1- 3 |  4- 6 |  7- 9 | 10-12 | 13-15 || total
-------------------------+-------+-------+-------+-------+-------++-------
Melee: Executioner's axe |     1 |       |       |     1 |     2 ||     4
  Use: Potion            |       |       |       |       |     1 ||     1
Dodge: Dodged            |     1 |       |       |       |       ||     1

Table legend: (Time is in decaauts)
 A = Elapsed time spent in this place.
 B = Non-inter-level travel time spent in this place.
 C = Inter-level travel time spent in this place.
 D = Time resting spent in this place.
 E = Time spent auto-exploring this place.
 F = Levels seen in this place.
 G = Mean time per level.
                   A        B        C        D        E       F      G
               +--------+--------+--------+--------+--------+-----+--------+
         Total |     13 |     13 |      0 |      0 |      0 |   1 |   13.0 |
       Dungeon |     13 |     13 |      0 |      0 |      0 |   1 |   13.0 |
               +--------+--------+--------+--------+--------+-----+--------+

Top non-repeatable levels by time:
       D: 13 daAuts
